 Dungeon Crawl Stone Soup version 0.27-a0-1144-g0b7d3b79db (webtiles) character file.

Game seed: 3756809577482142622

35 jien the Skirmisher (level 3, -7/23 HPs)
             Began as a Gargoyle Fighter on May 10, 2021.
             Killed by divine providence
             ... invoked by an orc priest
              (11 damage)
             ... on level 2 of the Dungeon.
             The game lasted 00:01:41 (929 turns).

jien the Skirmisher (Gargoyle Fighter)               Turns: 929, Time: 00:01:43

Health: -7/23      AC: 10    Str: 20    XL:     3   Next: 33%
Magic:  3/3        EV:  7    Int:  8    God:
Gold:   65         SH:  9    Dex:  9    Spells: 2/2 levels left

rFire    . . .     SeeInvis .   a - +0 war axe
rCold    . . .     Faith    .   c - +0 kite shield
rNeg     + . .     Spirit   .   b - +0 scale mail
rPois    ∞         Reflect  .   (no helmet)
rElec    +         Harm     .   (no cloak)
rCorr    .         Rampage  .   (no gloves)
Will     .....                  (no boots)
Stlth    ..........             (no amulet)
HPRegen  0.07/turn              (no ring)
MPRegen  0.08/turn              (no ring)

@: no status effects
A: sickness immunity, AC +3, negative energy resistance 1, electricity
resistance, torment resistance 1, petrification resistance
a: no special abilities


You were on level 2 of the Dungeon.
You visited 1 branch of the dungeon, and saw 2 of its levels.

You collected 65 gold pieces.

Inventory:

Hand Weapons
 a - a +0 war axe (weapon)
Armour
 b - a +0 scale mail (worn)
 c - a +0 kite shield (worn)
Jewellery
 l - a ring of positive energy
Wands
 h - a wand of flame (19)
Scrolls
 k - a scroll of teleportation
Potions
 d - a potion of might
 e - 3 potions of haste
 f - 2 potions of curing
 i - a potion of resistance {unknown}
 j - a potion of degeneration {unknown}
 m - a potion of cancellation {unknown}


   Skills:
 + Level 3.6 Fighting
 * Level 2.4 Axes
 + Level 3.6 Armour
 + Level 3.6 Shields


You had 2 spell levels left.
You didn't know any spells.
Your spell library was empty.

Dungeon Overview and Level Annotations

Branches:
Dungeon (2/15)

Altars:


Innate Abilities, Weirdness & Mutations

You are immune to sickness and miasma.
Your stone body is resilient. (AC +3)
You are immune to poison.
You resist negative energy. (rN+)
You are resistant to electric shocks. (rElec)
You are resistant to unholy torment.
You are immune to petrification.


Message History

The adder is heavily wounded.
You block the adder's attack. The adder bites you but does no damage.
You slash the adder!
You kill the adder!
The orc priest looks braver for a moment.
You closely miss the kobold. The kobold hits you but does no damage.
The orc hits you but does no damage. You block the kobold's attack.
You block the orc's attack.
You miss the kobold.
The orc priest looks encouraged for a moment.
The kobold completely misses you. You block the orc's attack.
The kobold closely misses you.
You slash the kobold!
You kill the kobold!
You block the orc's attack.
The orc priest looks satisfied for a moment.
The orc hits you from afar with a +0 trident.
The orc hits you with a +0 trident.
Things that are here:
a +0 whip; an adder corpse You closely miss the orc.
The orc hits you but does no damage. The orc hits you with a +0 trident.
You are too injured to fight recklessly!
You are too injured to fight recklessly!
You are too injured to fight recklessly!
You are too injured to fight recklessly!
You are too injured to fight recklessly!
Unknown command.
You are too injured to fight recklessly!
You hit the orc.
The orc is heavily wounded.
The orc priest miscasts a cantrip.
The orc hits you with a +0 trident.
You closely miss the orc.
The orc is heavily wounded.
The orc hits you with a +0 trident.
* * * LOW HITPOINT WARNING * * *
The orc priest invokes the aid of Beogh against you.
Beogh smites you!
You die...

###...####..#
##.## #.#
.######.#####..#
...............#
..#####.#####..# .
#.#####..
....######........
...oooo@....####..
##..######....#
####.# ... ##. .


You could see an orc priest and 3 orcs.

Vanquished Creatures
  An adder (D:2)
  A ball python (D:1)
  4 bats (D:1)
  An endoplasm (D:1)
  2 hobgoblins (D:1)
  4 kobolds
  4 frilled lizards (D:1)
  6 goblins (D:1)
23 creatures vanquished.

Notes
Turn   | Place    | Note
-------+----------+-------------------------------------------
     0 | D:1      | jien the Gargoyle Fighter began the quest for the Orb.
     0 | D:1      | Reached XP level 1. HP: 14/14 MP: 1/1
   272 | D:1      | Reached XP level 2. HP: 19/19 MP: 2/2
   341 | D:1      | Found a faded altar of an unknown god.
   562 | D:1      | Reached XP level 3. HP: 21/23 MP: 3/3
   929 | D:2      | Killed from afar by an orc priest

Illustrated notes

Levels and vault maps discovered:
D:1:      saegor_arrival_simple_d, layout_loops_ring,
          hellmonk_ecumenical_altar_lost_god
D:2:      layout_loops_ring, uniq_jessica

Skill      XL: |  1 |
---------------+----+-----
Axes           | 2 |  2.4
Fighting       | |  3.6
Armour         | |  3.6
Shields        | |  3.6

Action                   || total
-------------------------++-------
Melee: War axe           ||   101
  Use: Scroll            ||     3
Armor: Scale mail        ||    76
Dodge: Dodged            ||    38
Block: Kite shield       ||    61

Table legend: (Time is in decaauts)
 A = Elapsed time spent in this place.
 B = Non-inter-level travel time spent in this place.
 C = Inter-level travel time spent in this place.
 D = Time resting spent in this place.
 E = Time spent auto-exploring this place.
 F = Levels seen in this place.
 G = Mean time per level.
                   A        B        C        D        E       F      G
               +--------+--------+--------+--------+--------+-----+--------+
         Total |    991 |    970 |     21 |      0 |    746 |   2 |  495.5 |
       Dungeon |    991 |    970 |     21 |      0 |    746 |   2 |  495.5 |
               +--------+--------+--------+--------+--------+-----+--------+

Top non-repeatable levels by time:
     D:1: 942 daAuts
     D:2: 49 daAuts
